 Dungeon Crawl Stone Soup version 0.19-a0-1717-gc7c1317 (webtiles) character file.

128 Flanowski the Insei (level 5, -4/25 HPs)
             Began as a Vine Stalker Transmuter on Sept 29, 2016.
             Slain by a gnoll
             ... wielding a +0 spear
              (9 damage)
             ... on level 3 of the Dungeon.
             The game lasted 00:05:06 (1940 turns).

Flanowski the Insei (Vine Stalker Transmuter)       Turns: 1940, Time: 00:05:08

Health: -4/25      AC:  4    Str: 13    XL:     5   Next: 12%
Magic:  0/10       EV: 12    Int: 13    God:
Gold:   166        SH:  0    Dex: 15    Spells: 1 memorised, 9 levels left

rFire  + . .     SeeInvis .       - Unarmed
rCold  . . .     Gourm    .     k - +1 robe {rF+}
rNeg   . . .     Faith    .     (no shield)
rPois  .         Spirit   +     (no helmet)
rElec  .         Dismiss  .     (no cloak)
rCorr  .         Reflect  .     (no gloves)
MR     .....     Harm     .     (no boots)
Stlth  +.........               (no amulet)
                                (no ring)
                                (no ring)

@: appendage
A: fangs 2, horns 2, regeneration 1, magic shield, antimagic bite, no device
heal 3, rot immunity
a: End Transformation


You were on level 3 of the Dungeon.
You were not hungry.
You had grown temporary horns.
You visited 1 branch of the dungeon, and saw 3 of its levels.

You collected 166 gold pieces.

Inventory:

Missiles
 a - 60 arrows
Armour
 b - a +0 robe
 k - a +1 robe of fire resistance (worn)
Jewellery
 p - a +4 amulet of reflection {unknown}
Scrolls
 e - a scroll of enchant weapon {unknown}
 i - 3 scrolls of remove curse {unknown}
 j - a scroll of fear {unknown}
 n - a scroll of teleportation {unknown}
 o - a scroll of random uselessness {unknown}
 r - a scroll of noise {unknown}
 t - 2 scrolls of identify {unknown}
Potions
 f - a potion of beneficial mutation {unknown}
 g - a potion of cancellation {unknown}
 h - 5 potions of heal wounds {unknown}
 l - a potion of brilliance {unknown}
 s - a potion of cure mutation {unknown}
 u - a potion of might {unknown}
Books
 c - a book of Changes

   Spells                             Type                      Level
   a - Beastly Appendage              Transmutation                1
   b - Sticks to Snakes               Transmutation                2
   c - Spider Form                    Transmutation/Poison         3
   d - Ice Form                       Ice/Transmutation            4
   e - Blade Hands                    Transmutation                5
Comestibles
 d - 4 bread rations
 m - a slice of pizza
 q - a meat ration
 v - 4 chunks of flesh


   Skills:
 + Level 0.8 Fighting
 + Level 1.9 Dodging
 + Level 4.0 Unarmed Combat
 + Level 3.1 Spellcasting
 * Level 3.5 Transmutations


You had 9 spell levels left.
You knew the following spells:

 Your Spells              Type           Power        Failure   Level  Hunger
a - Beastly Appendage     Tmut           ##....       8%          1    #......


Dungeon Overview and Level Annotations

Branches:
Dungeon (3/15)

Altars:


Innate Abilities, Weirdness & Mutations

You have extremely sharp teeth.
Your natural rate of healing is unusually fast.
When hurt, damage is shared between your health and your magic reserves.
Your bite disrupts and absorbs the magic of your enemies.
Potions and wands cannot restore your health.
You are immune to rotting.
You have a pair of horns on your head.


Message History

You see here a quokka skeleton.
Found a stone staircase leading up.
Found a trident.
There is a stone staircase leading up here.
You see here a trident.
Casting: Beastly Appendage
Confirm with . or Enter, or press ? or * to list all spells.
You grow a pair of large bovine horns.
The gnoll closely misses you.
The gnoll hits you from afar with a spear!
The gnoll hits you but does no damage.
You barely miss the gnoll. You headbutt the gnoll!
The gnoll is heavily wounded.
The gnoll closely misses you.
You barely miss the gnoll. Your bite misses the gnoll.
The gnoll is heavily wounded.
The gnoll hits you with a halberd!!
Ouch! That really hurt!
* * * LOW HITPOINT WARNING * * *
The gnoll hits you from afar with a spear!
You die...

#.# #.#####.....##.##.#.## .# ..#
#.# ##.##........>..##.## ..# #.#
......#...#...<..... ..# #.#
###...............# ..# #.#
#........##..#### ..# #.#
#.###........##..# .## ####.#
#.......#...###..# .# #...
#######...........#
.####.#####...gg@..##.###...#
.........<).#####....#......#####
#####.#####♣♣≈###.###.###........
# #.####≈♣≈♣P##.# # #.####.## #
#.##≈≈≈P≈≈♣P#.# #.###.###...#
#.#≈♣♣P≈≈≈♣♣♣≈# #....>.......
#####..♣≈≈P♣≈≈≈≈≈♣# #..##.###...#
#.....P♣≈≈≈≈P≈≈≈≈♣ #. #.# ##.##
#.####≈P≈♣≈≈≈P≈P≈P♣.. ..# #.#


You could see 2 gnolls.

Vanquished Creatures
  A scorpion (D:3)
  A gnoll (D:3)
  An adder (D:2)
  An ooze (D:2)
  2 worms (D:2)
  A dart slug (D:2)
  A leopard gecko (D:1)
  2 orcs (D:3)
  3 giant cockroaches (D:1)
  7 hobgoblins
  7 kobolds
  A quokka (D:3)
  A ball python (D:1)
  3 bats
  3 frilled lizards
  6 goblins
  4 rats
45 creatures vanquished.

Notes
Turn   | Place    | Note
-------+----------+-------------------------------------------
     0 | D:1      | Flanowski the Vine Stalker Transmuter began the quest for the Orb.
     0 | D:1      | Reached XP level 1. HP: 9/9 MP: 4/4
   155 | D:1      | Reached XP level 2. HP: 14/14 MP: 6/6
   919 | D:2      | Reached XP level 3. HP: 15/17 MP: 7/7
  1533 | D:3      | Gained mutation: Your natural rate of healing is unusually fast. [Vine Stalker growth]
  1533 | D:3      | Reached XP level 4. HP: 20/21 MP: 6/9
  1759 | D:3      | Reached XP level 5. HP: 23/25 MP: 8/10
  1876 | D:3      | Reached skill level 4 in Unarmed Combat
  1940 | D:3      | Slain by a gnoll

Vault maps used:
D:1:      dpeg_arrival_boxorama
D:3:      serial_bayou_lake_a

Skill      XL: |  1  2  3  4  5 |
---------------+----------------+-----
Transmutations | 3 |  3.5
Spellcasting   | 3 |  3.1
Unarmed Combat | 4 |  4.0
Fighting       | |  0.8
Dodging        | |  1.9

Action                   |  1- 3 |  4- 6 || total
-------------------------+-------+-------++-------
Melee: Unarmed           |   108 |    38 ||   146
       Bite              |    28 |    14 ||    42
       Kick              |    12 |     5 ||    17
       Headbutt          |     6 |     4 ||    10
       Punch             |     2 |     2 ||     4
 Cast: Beastly Appendage |    26 |     8 ||    34
 Stab: Sleeping          |     2 |       ||     2
  Eat: Chunk             |     2 |     2 ||     4
Armor: Robe              |     9 |     6 ||    15
Dodge: Dodged            |    71 |    28 ||    99
